AoeStats
← NPG | Shimishi Maki

Arabia

510225885Analyzed
4v4 RM · 2d ago on Sep 30, 2026· 25m 56s· 8 players
Game mode
Random Map
Map size
Large (8 player)
Population
200
Speed
Normal
Resources
Standard
Victory
Conquest
Starting age
Dark Age
Ending age
Imperial Age
RankedLock teamsTeams togetherTeam positionsShared explorationLock speedFull tech treeHidden civsTurbo modeCheats
Victory
Defeat
🇨🇳 Magyars · China
1491
+17
🇮🇪 Maya · Ireland
1467
+18
🇺🇸 Persians · United States
1461
+18
🇨🇱 Vikings · Chile
1440
+19
🇨🇱 Slavs · Chile
1691
-25
🇨🇱 Turks · Chile
1515
-18
1498
-18
🇨🇱 Britons · Chile
1330
-11
enzoyin68
8:27 Feudal Age
8:49 Loom
9:16 Double-Bit Axe
9:37 Horse Collar
14:24 Scale Barding Armor
22:37 Castle Age
21:26 Bloodlines
21:52 Gold Mining
23:47 Wheelbarrow
22:46 Light Cavalry
24:25 Chain Barding Armor
25:06 Bow Saw
Madbun
0:31 Loom
11:02 Feudal Age
11:44 Double-Bit Axe
14:23 Fletching
14:57 Padded Archer Armor
26:28 Castle Age
24:51 Gold Mining
happix
8:58 Feudal Age
9:30 Double-Bit Axe
9:59 Loom
10:45 Fletching
19:40 Padded Archer Armor
24:28 Castle Age
22:35 Horse Collar
23:52 Gold Mining
24:31 Crossbowman
25:07 Bodkin Arrow
25:51 Bow Saw
DarK | Spring
5:49 Loom
8:32 Feudal Age
6:47 Loom
9:05 Double-Bit Axe
11:14 Horse Collar
13:19 Wheelbarrow
14:52 Scale Barding Armor
19:57 Gold Mining
21:00 Forging
23:20 Castle Age
22:24 Bloodlines
24:16 Chain Barding Armor
24:07 Bow Saw
24:10 Heavy Plow
NPG | DR@CA
7:12 Loom
9:22 Feudal Age
12:09 Fletching
23:59 Castle Age
22:28 Padded Archer Armor
22:40 Gold Mining
24:04 Horse Collar
24:40 Bodkin Arrow
24:56 Crossbowman
NPG-Dastinx9999 T.TV
6:31 Loom
8:54 Feudal Age
10:58 Fletching
19:06 Padded Archer Armor
NPG | ChupaloAlexitico
5:59 Loom
9:00 Feudal Age
9:51 Double-Bit Axe
11:07 Scale Barding Armor
12:11 Horse Collar
14:47 Forging
NPG | Shimishi Maki
6:26 Loom
8:50 Feudal Age
9:20 Horse Collar
11:43 Scale Barding Armor
Connection lost

Rejoining the realm…

Still unreachable

The connection could not be restored.

Session expired

The server has moved on; the page needs a fresh start.